 Dungeon Crawl Stone Soup version 0.29-a0-559-g359e09b9d1 (webtiles) character file.

Game seed: 10992561974155669248

639 Ijustatesigmund the Skirmisher (level 7, -6/74 HPs)
             Began as an Ogre Hedge Wizard on June 9, 2022.
             Mangled by a yak (11 damage)
             ... on level 4 of the Dungeon.
             The game lasted 00:10:48 (4932 turns).

Ijustatesigmund the Skirmisher (Ogre Hedge Wizard)  Turns: 4932, Time: 00:10:48

Health: -6/74      AC:  6    Str: 18 (20) XL:     7   Next: 51%
Magic:  12/12      EV:  9    Int: 21 (22) God:
Gold:   170        SH:  0    Dex:  5 (8)  Spells: 10/13 levels left

rFire   . . .      SeeInvis .   a - +7 war axe of Kir Pel {flame, Str+3 Int+5}
rCold   . . .      Faith    .   (no shield)
rNeg    . . .      Spirit   .   b - +0 robe
rPois   +          Reflect  .   c - +0 hat
rElec   .          Harm     .   k - +0 cloak
rCorr   .          Rampage  .   (gloves unavailable)
Will    .....                   (boots unavailable)
Stlth   +.........              o - amulet of the acrobat
HPRegen 0.22/turn               r - ring of poison resistance
MPRegen 0.13/turn               (no ring)

@: mighty, brilliant
A: large, unfitting armour, tough skin 1, iridescent scales 1, strong 1
a: no special abilities


You were on level 4 of the Dungeon.
You visited 1 branch of the dungeon, and saw 4 of its levels.

You collected 278 gold pieces.
You spent 108 gold pieces at shops.

Inventory:

Hand Weapons
 a - the +7 war axe of Kir Pel (weapon) {flame, Str+3 Int+5}
   (You acquired it on level 1 of the Dungeon)

   It burns those it strikes, dealing additional fire damage.
   Big, fiery blades are also staple armaments of hydra-hunters.
   Str:       It affects your strength (+3).
   Int:       It affects your intelligence (+5).
Armour
 b - a +0 robe (worn)
 c - a +0 hat (worn)
 k - a +0 cloak (worn)
Jewellery
 h - a ring of fire
 o - an amulet of the acrobat (around neck)
 r - a ring of poison resistance (left hand)
Wands
 m - a wand of acid (7)
 s - a wand of digging (3)
 t - a wand of flame (12)
Scrolls
 f - a scroll of enchant weapon
 n - 2 scrolls of noise
 q - a scroll of fog
Potions
 d - 2 potions of magic
 e - 2 potions of cancellation
 g - a potion of degeneration
 i - a potion of brilliance
 l - a potion of mutation
 p - a potion of heal wounds {unknown}


   Skills:
 + Level 5.8 Fighting
 + Level 3.8 Axes
 - Level 1.7 Dodging
 - Level 1.4 Stealth
 + Level 3.8 Spellcasting
 - Level 4.1 Conjurations
 - Level 0.8 Summonings
 + Level 1.3 Translocations


You had 10 spell levels left.
You knew the following spells:

 Your Spells              Type           Power      Damage    Failure   Level
a - Magic Dart            Conj           100%       1d8       2%          1
b - Blink                 Tloc           28%        N/A       11%         2

Your spell library contained the following spells:

 Spells                   Type           Power      Damage    Failure   Level
 Slow                     Hex            24%        N/A       12%         1
 Call Imp                 Summ           11%        N/A       13%         2
 Conjure Flame            Conj/Fire      19%        6-21      16%         3
 Ensorcelled Hibernation  Hex/Ice        12%        N/A       19%         2
 Passwall                 Tmut/Erth      5%         N/A       19%         2
 Mephitic Cloud           Conj/Pois/Air  14%        N/A       21%         3
 Swiftness                Air            6%         N/A       36%         3


Dungeon Overview and Level Annotations

Branches:
Dungeon (4/15)
 Temple: D:4-7

Altars:

Shops:
D:1 *


Innate Abilities, Weirdness & Mutations

You are too large for most types of armour.
You have tough skin. (AC +1)
You are partially covered in iridescent scales. (AC +2)
Your muscles are strong. (Str +2)


Message History

You hit the ice beast but do no damage. The ice beast hits you.
The ice beast freezes you! The ice beast barely misses you.
You hit the ice beast.
You melt the ice beast.
The ice beast is lightly wounded.
The ice beast hits you. The ice beast freezes you!
You slash the ice beast!
You melt the ice beast.
The ice beast is severely wounded.
The ice beast hits you but does no damage.
You slash the ice beast!
You melt the ice beast.
You kill the ice beast!
The yak gores you!
Your Translocations skill increases to level 1!
Okay, then.
Okay, then.
You closely miss the yak. The yak barely misses you.
You slash the yak! You burn the yak.
The yak is moderately wounded.
The yak gores you.
You slash the yak! You burn the yak.
The yak is severely wounded.
The yak gores you!
* * * LOW HITPOINT WARNING * * *
The yak barely misses you.
It was a potion of degeneration.
There was something very wrong with that liquid.
You feel weakened.
You feel dopey.
You feel clumsy. The yak gores you!
* * * LOW HITPOINT WARNING * * *
It was a potion of brilliance.
You feel clever all of a sudden. The yak closely misses you.
It was a potion of mutation.
You feel extremely strange.
You feel stronger.
Iridescent scales grow over part of your body.
The yak gores you.
* * * LOW HITPOINT WARNING * * *
It was a potion of might.
You feel very mighty all of a sudden. The yak gores you!
You die...

#######..##....#####.#######+####
#....')...#####.## #^#
#....##..##..##..# #.#
####..#####'....##.## #.#
##..#'##[[ ##....##..# #.#
#....##.... ##.†####.## #.#
#....+ ..... ##'## #..####'####
##..## ..8..S##..####..........
##'## ....gKY@...# #.........#
##..##....g##....# #.........#
#....##?? ##'#..#####.........
#....'#####..#####........####
##..##..##....# #...........#
####....'.)..# #...........#
#....##..## #...........#
##..###### #...........# #'##
#...........#


You could see a yak, an adder, 2 goblins and a kobold.

Vanquished Creatures
  Menkaure (D:4)
  An ice beast (D:4)
  Crazy Yiuf (D:4)
  3 hounds (D:4)
  Jessica (D:3)
  Ijyb (D:4)
  An orc wizard (D:3)
  Robin (D:2)
  6 adders
  4 gnolls (D:3)
  4 worms
  5 dart slugs
  12 orcs
  5 endoplasms
  6 giant cockroaches
  7 hobgoblins
  3 quokkas
  10 ball pythons
  10 bats
  4 frilled lizards
  18 goblins
  8 kobolds
  2 rats
114 creatures vanquished.

Vanquished Creatures (others)
  4 fungi (D:4)
4 creatures vanquished.

Grand Total: 118 creatures vanquished

Notes
Turn   | Place    | Note
-------+----------+-------------------------------------------
     0 | D:1      | Ijustatesigmund the Ogre Hedge Wizard began the quest for
                  | the Orb.
     0 | D:1      | Reached XP level 1. HP: 16/16 MP: 5/5
     7 | D:1      | Found Xaruz's Assorted Antiques.
    11 | D:1      | Reached skill level 1 in Conjurations
   129 | D:1      | Found a faded altar of an unknown god.
   273 | D:1      | Reached skill level 1 in Fighting
   273 | D:1      | Reached XP level 2. HP: 13/27 MP: 4/6
   278 | D:1      | Learned a level 2 spell: Blink
   796 | D:1      | Reached XP level 3. HP: 32/35 MP: 8/8
   912 | D:1      | Reached skill level 2 in Fighting
   913 | D:1      | Identified a scroll of acquirement
   913 | D:1      | Acquired the +7 war axe of Kir Pel {flame, Str+3 Int+5}
  1548 | D:2      | Noticed Robin
  1562 | D:2      | Killed Robin
  1563 | D:2      | Reached skill level 1 in Axes
  1563 | D:2      | Reached XP level 4. HP: 33/44 MP: 7/9
  2360 | D:2      | Reached skill level 3 in Fighting
  2675 | D:3      | Reached XP level 5. HP: 45/53 MP: 7/10
  2948 | D:1      | Bought a scroll labelled EPTUKLUNABI for 27 gold pieces
  2948 | D:1      | Bought a scroll labelled EPTUKLUNABI for 27 gold pieces
  2948 | D:1      | Bought a scroll labelled EPTUKLUNABI for 27 gold pieces
  2948 | D:1      | Bought a scroll labelled HEN ACRIYZIPE for 27 gold pieces
  3079 | D:3      | Noticed Jessica
  3084 | D:3      | Killed Jessica
  3185 | D:3      | Reached skill level 4 in Fighting
  3403 | D:4      | Reached XP level 6. HP: 59/62 MP: 11/11
  3655 | D:4      | Noticed Ijyb
  3662 | D:4      | Killed Ijyb
  3960 | D:4      | Found a runed translucent door.
  3961 | D:4      | Noticed Crazy Yiuf
  3969 | D:4      | Killed Crazy Yiuf
  3970 | D:4      | Reached skill level 5 in Fighting
  4687 | D:4      | Noticed Menkaure
  4692 | D:4      | Killed Menkaure
  4693 | D:4      | Reached XP level 7. HP: 28/72 MP: 12/12
  4920 | D:4      | Noticed a yak
  4926 | D:4      | Reached skill level 1 in Translocations
  4931 | D:4      | Gained mutation: Your muscles are strong. (Str +2) [potion
                  | of mutation]
  4931 | D:4      | Gained mutation: You are partially covered in iridescent
                  | scales. (AC +2) [potion of mutation]
  4932 | D:4      | Mangled by a yak

Illustrated notes

Levels and vault maps discovered:
D:1:      saegor_arrival_miasma, layout_rooms, serial_shops,
          nicolae_shop_window_shopping, hellmonk_ecumenical_altar_slurped_away,
          grunt_decor_fettered, serial_bayou_pond_e
D:2:      layout_loops_corners, uniq_robin
D:3:      layout_basic, uniq_jessica
D:4:      minmay_bubble_buster, layout_basic, uniq_menkaure, uniq_ijyb,
          uniq_crazy_yiuf_cottage

Skill      XL: |  1  2  3  4  5  6  7 |
---------------+----------------------+-----
Conjurations   | 1 2 3 4 |  4.1
Fighting       | 1 2 3 4 5 |  5.8
Axes           | 1 2 3 |  3.8
Translocations | 1 |  1.3
Dodging        | |  1.7
Stealth        | |  1.4
Spellcasting   | |  3.8
Summonings     | |  0.8

Action                   |  1- 3 |  4- 6 |  7- 9 || total
-------------------------+-------+-------+-------++-------
Melee: Hand axe          |    29 |       |       ||    29
       Dagger            |     3 |       |       ||     3
       Punch             |     1 |     1 |       ||     2
       War axe           |    32 |   134 |    13 ||   179
 Cast: Magic Dart        |    34 |     3 |       ||    37
  Use: Scroll            |     3 |     8 |       ||    11
       Potion            |       |       |     4 ||     4
 Stab: Sleeping          |     4 |     2 |       ||     6
       Distracted        |     1 |       |       ||     1
Armor: Robe              |    30 |    35 |     3 ||    68
Dodge: Dodged            |    31 |    83 |     7 ||   121

Table legend: (Time is in decaauts)
 A = Elapsed time spent in this place.
 B = Non-inter-level travel time spent in this place.
 C = Inter-level travel time spent in this place.
 D = Time resting spent in this place.
 E = Time spent auto-exploring this place.
 F = Levels seen in this place.
 G = Mean time per level.
                   A        B        C        D        E       F      G
               +--------+--------+--------+--------+--------+-----+--------+
         Total |   5014 |   4849 |    165 |   1289 |   2869 |   4 | 1253.5 |
       Dungeon |   5014 |   4849 |    165 |   1289 |   2869 |   4 | 1253.5 |
               +--------+--------+--------+--------+--------+-----+--------+

Top non-repeatable levels by time:
     D:4: 1584 daAuts
     D:2: 1437 daAuts
     D:1: 1281 daAuts
     D:3: 710 daAuts
